 Dungeon Crawl Stone Soup version 0.31-a0-8-gd14b0f4ee2 (webtiles) character file.

Game seed: 18432188399315907852

11 Kuronicle the Trooper (level 2, -2/24 HPs)
             Began as a Human Fighter on May 6, 2023.
             Succumbed to a kobold's poison
             ... on level 1 of the Dungeon.
             The game lasted 00:01:00 (210 turns).

Kuronicle the Trooper (Human Fighter)                Turns: 210, Time: 00:01:00

Health: -2/24      AC:  6    Str: 16    XL:     2   Next: 35%
Magic:  2/2        EV:  9    Int:  8    God:
Gold:   14         SH:  4    Dex: 12    Spells: 1/1 levels left

rFire   . . .        a - +0 long sword
rCold   . . .        c - +0 buckler
rNeg    . . .        b - +0 scale mail
rPois   .            (no helmet)
rElec   .            (no cloak)
rCorr   .            (no gloves)
SInv    .            (no boots)
Will    .....        (no amulet) Stlth
                     (no ring)
HPRegen 0.24/turn    (no ring)
MPRegen 0.08/turn

%: no passive effects
@: lethally poisoned (-2 -> -12)
A: no striking features
a: no special abilities


You were on level 1 of the Dungeon.
You visited 1 branch of the dungeon, and saw 1 of its levels.

You collected 14 gold pieces.

Inventory:

Hand Weapons
 a - a +0 long sword (weapon)
Armour
 b - a +0 scale mail (worn)
 c - a +0 buckler (worn)
Scrolls
 e - a scroll of identify
 f - a scroll of poison
 g - a scroll of amnesia {unknown}
 h - a scroll of silence {unknown}
Potions
 d - a potion of might


   Skills:
 + Level 3.1 Fighting
 * Level 2.2 Long Blades
 + Level 3.1 Armour
 * Level 0.4 Dodging
 * Level 0.5 Stealth
 + Level 3.0 Shields


You had one spell level left.
You didn't know any spells.
Your spell library was empty.

Dungeon Overview and Level Annotations

Branches:
Dungeon (1/15)

Altars:


Message History

Found 13 gold pieces.
You see here a +0 leather armour.
A kobold comes into view. It is wielding a +1 dagger of venom.
The kobold shouts!
A ball python comes into view.
You see here 13 gold pieces.
Found a scroll labelled MUTORE KUIN.
The ball python hisses angrily.
There are monsters nearby!
You slash the ball python!
You kill the ball python!
You barely miss the kobold.
The kobold hits you with a +1 dagger of venom.
You are poisoned.
You hit the kobold.
The kobold is moderately wounded.
You feel very sick.
The kobold hits you with a +1 dagger of venom.
You are more poisoned.
A dart slug comes into view.
The kobold barely misses you.
You barely miss the kobold.
The kobold is moderately wounded.
You feel very sick. The kobold hits you but does no damage.
You are lethally poisoned!
You hit the kobold.
You kill the kobold!
* * * LOW HITPOINT WARNING * * *
You feel very sick.
* * * LOW HITPOINT WARNING * * *
You feel very sick.
As you read the scroll labelled JULENT EWNAFF, it crumbles to dust.
It is a scroll of identify.
f - a scroll of poison
* * * LOW HITPOINT WARNING * * *
You feel very sick. The dart slug launches a dart at you.
You block the slug dart.
You die...

+...'~≈≈≈ #.# #...##~~≈
#.# ##...# ~≈ #.# #...##
~ #.# .###...# #.# #..#
#...## ...####?#####..#
##...## ...............#
##.<.#
...####@#####.>#########
..w.....†...............
......)..$..............
........................
.....####..[.##.....#...
...## ###.#####..####.
... #..# #.## #. ##
###..## #.# #. ###.....#
#.# ##


You could see a dart slug.

Vanquished Creatures
  A ball python (D:1)
  An endoplasm (D:1)
  3 goblins (D:1)
  A hobgoblin (D:1)
  A bat (D:1)
  2 kobolds (D:1)
9 creatures vanquished.

Notes
Turn   | Place    | Note
-------+----------+-------------------------------------------
     0 | D:1      | Kuronicle the Human Fighter began the quest for the Orb.
     0 | D:1      | Reached XP level 1. HP: 18/18 MP: 1/1
   116 | D:1      | Reached XP level 2. HP: 23/24 MP: 2/2
   209 | D:1      | HP: 1/24 [poisoned by a kobold]
   210 | D:1      | Succumbed to a kobold's poison

Illustrated notes

Levels and vault maps discovered:
D:1:      evilmike_arrival_crescent, layout_rooms

Action                     || total
---------------------------++-------
  Melee: Long sword        ||    17
    Use: Scroll            ||     1
 Armour: Scale mail        ||     5
  Dodge: Dodged            ||     5
  Block: Buckler           ||     4

Table legend: (Time is in decaauts)
 A = Elapsed time spent in this place.
 B = Non-inter-level travel time spent in this place.
 C = Inter-level travel time spent in this place.
 D = Time resting spent in this place.
 E = Time spent auto-exploring this place.
 F = Levels seen in this place.
 G = Mean time per level.
                   A        B        C        D        E       F      G
               +--------+--------+--------+--------+--------+-----+--------+
         Total |    215 |    215 |      0 |      0 |    113 |   1 |  215.0 |
       Dungeon |    215 |    215 |      0 |      0 |    113 |   1 |  215.0 |
               +--------+--------+--------+--------+--------+-----+--------+

Top non-repeatable levels by time:
     D:1: 215 daAuts
